 Dungeon Crawl Stone Soup version 0.21.1-1-g345015fe64 (webtiles) character file.

22305 Lentor the Fencer (level 12, -9/110 HPs)
             Began as a Minotaur Berserker on June 9, 2018.
             Was a High Priest of Trog.
             Mangled by a phantasmal warrior (27 damage)
             ... led by a death knight
             ... on level 14 of the Dungeon.
             The game lasted 00:39:12 (12581 turns).

Lentor the Fencer (Minotaur Berserker)             Turns: 12581, Time: 00:39:13

Health: -9/110     AC: 10    Str: 26    XL:     12   Next: 61%
Magic:  11/11      EV: 13    Int:  4    God:    Trog [*****.]
Gold:   837        SH: 17    Dex: 11    Spells: 11/11 levels left

rFire    + . .     SeeInvis .   F - +5 long sword (curse)
rCold    + . .     Gourm    +   h - +0 large shield
rNeg     . . .     Faith    .   H - +0 troll leather armour
rPois    .         Spirit   .   (helmet restricted)
rElec    .         Reflect  .   q - scarf {rC+ rF+}
rCorr    .         Harm     .   k - +0 pair of gloves
MR       .....                  f - +2 pair of boots {Stlth+}
Stlth    ++++......             x - amulet of the gourmand
HPRegen  0.68/turn              (no ring)
MPRegen  0.12/turn              (no ring)

@: vulnerable, berserk cooldown, slowed, drained, very slow
A: retaliatory headbutt, horns 2
a: Berserk, Trog's Hand, Brothers in Arms, Burn Spellbooks, Renounce Religion


You were on level 14 of the Dungeon.
You worshipped Trog.
Trog was extremely pleased with you.
You were not hungry.

You visited 2 branches of the dungeon, and saw 15 of its levels.

You collected 837 gold pieces.

Inventory:

Hand Weapons
 F - a cursed +5 long sword (weapon)
Missiles
 L - 20 tomahawks (quivered)
Armour
 f - a +2 pair of boots of stealth (worn)
 h - a +0 large shield (worn)
 k - a +0 pair of gloves (worn)
 q - a scarf of resistance (worn)
 E - a +4 chain mail
 H - a +0 troll leather armour (worn)
Jewellery
 b - an uncursed ring of ice
 x - an amulet of the gourmand (around neck)
Wands
 l - a wand of acid (11)
 u - a wand of enslavement (17)
 y - a wand of iceblast (7)
 z - a wand of digging (12)
 I - a wand of flame (23)
Scrolls
 d - 6 scrolls of remove curse
 e - 6 scrolls of teleportation
 j - a scroll of identify
 p - 3 scrolls of noise {unknown}
 r - a scroll of torment {unknown}
 B - a scroll of magic mapping
 C - 2 scrolls of enchant weapon
 D - a scroll of acquirement {unknown}
 G - 2 scrolls of enchant armour {unknown}
 K - a scroll of fear {unknown}
 O - a scroll of fog {unknown}
Potions
 a - 4 potions of curing
 g - a potion of ambrosia
 i - 5 potions of flight
 m - 3 potions of haste
 n - 3 potions of cancellation
 o - 4 potions of magic
 s - a potion of invisibility
 t - 3 potions of heal wounds
 v - 2 potions of lignification
 w - 5 potions of might
Miscellaneous
 J - 2 sacks of spiders
Comestibles
 c - 12 rations


   Skills:
 + Level 11.3(10.8) Fighting
 + Level 15.1(14.6) Long Blades
 + Level 1.1(0.8) Throwing
 + Level 8.2(7.8) Armour
 + Level 9.7(9.2) Dodging
 + Level 5.8(5.4) Stealth
 + Level 8.2(7.7) Shields


You had 11 spell levels left.
You didn't know any spells.

Dungeon Overview and Level Annotations

Branches:
Dungeon (14/15)            Temple (1/1) D:6            Lair (0/6) D:11
    Orc (0/2) D:9          Vaults (0/5) D:13

Altars:
Ashenzari
Cheibriados
Dithmenos
Elyvilon
Fedhas
Gozag
Hepliaklqana
Kikubaaqudgha
Makhleb
Nemelex Xobeh
Okawaru
Qazlal
Ru
Sif Muna
Trog
Uskayaw
Vehumet
Wu Jian
Xom
Yredelemnul
Zin
The Shining One
Beogh

Shops:
D:8 ?

Annotations:
D:4 exclusion: downstairs
D:8 exclusion: ice statue


Innate Abilities, Weirdness & Mutations

You reflexively headbutt those who attack you in melee.
You have a pair of horns on your head.


Message History

You barely miss the death knight. You headbutt the death knight!
The death knight is almost dead.
You are no longer berserk.
You are exhausted.
You feel as though you will be slow longer.
The orc warrior closely misses you. You block the death knight's attack.
You block the phantasmal warrior's attack.
You fail to use your ability.
You block the orc warrior's attack.
The phantasmal warrior hits you but does no damage.
The death knight calls down the wrath of Yredelemnul upon you.
Your body is wracked with pain!
You hit the phantasmal warrior but do no damage.
Your headbutt misses the phantasmal warrior.
The orc warrior closely misses you. The phantasmal warrior hits you!!
* * * LOW HITPOINT WARNING * * *
The death knight misses you.
You barely miss the phantasmal warrior. You headbutt the phantasmal warrior.
The phantasmal warrior is lightly damaged.
The phantasmal warrior hits you!!
You die...

### #<##
#..## ##..###
###.W)######.
#...)@oW.Wo..
#####.p###...
##.# .. ...
##.# .# ..


You could see a death knight, a phantasmal warrior, a freezing wraith, a wraith,
an orc warrior and an orc.

Vanquished Creatures
  A centaur warrior (D:13)
  4 two-headed ogres
  The ghost of kaisn the Thaumaturge, a novice GnWz (D:7)
  A wolf spider (D:13)
  An ugly thing (D:13)
  2 cyclopes
  A manticore (D:13)
  A centaur zombie (D:12)
  Psyche (D:9)
  2 centaur skeletons
  2 rime drakes (D:11)
  A freezing wraith (D:14)
  3 trolls
  Grinder (D:5)
  2 hippogriffs
  Sigmund (D:2)
  A centaur simulacrum (D:11)
  A shadow (D:12)
  A wyvern (D:13)
  A yak (D:11)
  2 hungry ghosts (D:9)
  Menkaure (D:5)
  Edmund (D:6)
  The ghost of
  359359 the Poker, an amateur TeGl (D:3)
  Duvessa (D:5)
  2 water moccasins
  2 black bears
  A sky beast (D:7)
  10 orc warriors
  3 eyes of draining
  7 ice beasts
  5 ogres
  4 phantoms
  A wolf (D:11)
  13 centaurs
  2 big kobolds
  Dowan (D:5)
  6 bullfrogs
  3 scorpions
  3 killer bees (D:12)
  13 wights
  4 howler monkeys
  An electric eel (D:11)
  4 crimson imps
  A wyvern simulacrum (D:11)
  3 bullfrog zombies
  6 hounds
  5 orc priests
  5 jellies
  10 orc wizards
  2 iguanas
  10 worker ants
  A killer bee zombie (D:5)
  A bullfrog simulacrum (D:11)
  3 ogre zombies (D:9)
  A hound skeleton (D:5)
  16 adders
  7 gnolls
  A howler monkey skeleton (D:8)
  5 white imps (D:11)
  2 ufetubi
  3 oozes
  An adder skeleton (D:4)
  An adder zombie (D:7)
  2 worms
  2 dart slugs
  3 leopard geckos
  55 orcs
  3 ball pythons
  6 bats
  5 giant cockroaches
  7 hobgoblins
  12 jackals
  A quokka (D:5)
  A ball python skeleton (D:5)
  6 frilled lizards
  A giant cockroach zombie (D:6)
  7 goblins
  A goblin skeleton (D:9)
  2 hobgoblin skeletons (D:9)
  A hobgoblin zombie (D:9)
  A jackal skeleton (D:4)
  16 kobolds
  An orc skeleton (D:9)
  12 orc zombies (D:9)
  A quokka skeleton (D:4)
  8 rats
  2 butterflies (D:10)
360 creatures vanquished.

Vanquished Creatures (collateral kills)
  An ogre mage (D:13)
  A vault guard (D:13)
  A hydra (D:8)
  A shadow wraith (D:13)
  An orc knight (D:12)
  A deep elf mage (D:12)
  2 ugly things (D:13)
  A wolf spider zombie (D:13)
  A gargoyle (D:10)
  2 polar bears (D:11)
  A hornet (D:13)
  A vampire (D:13)
  A basilisk (D:13)
  3 orc warriors (D:12)
  An ice beast (D:11)
  A phantom (D:9)
  An ogre (D:10)
  4 centaurs (D:13)
  A crocodile (D:13)
  2 bullfrogs
  A wyvern zombie (D:13)
  A howler monkey (D:10)
  A worker ant (D:9)
  5 ogre zombies (D:9)
  4 orcs (D:12)
  A goblin skeleton (D:9)
  A goblin zombie (D:9)
  A hobgoblin zombie (D:9)
  An orc skeleton (D:9)
  4 orc zombies (D:9)
48 creatures vanquished.

Vanquished Creatures (others)
  An orc (D:12)
1 creature vanquished.

Grand Total: 409 creatures vanquished

Notes
Turn   | Place    | Note
-------+----------+-------------------------------------------
     0 | D:1      | Lentor the Minotaur Berserker began the quest for the Orb.
     0 | D:1      | Reached XP level 1. HP: 19/19 MP: 0/0
   147 | D:1      | Reached XP level 2. HP: 22/27 MP: 1/1
   209 | D:1      | Reached skill level 4 in Long Blades
   331 | D:1      | Reached ** piety under Trog
   699 | D:1      | Reached XP level 3. HP: 33/33 MP: 2/2
   914 | D:1      | Found a sacrificial altar of Ru.
   970 | D:2      | Found a sacrificial altar of Ru.
   970 | D:2      | Noticed Sigmund
   976 | D:2      | Killed Sigmund
   976 | D:2      | Reached skill level 5 in Long Blades
   976 | D:2      | Reached XP level 4. HP: 41/41 MP: 3/3
   976 | D:2      | Reached XP level 5. HP: 47/47 MP: 4/4
  1625 | D:2      | Reached skill level 6 in Long Blades
  1716 | D:3      | Noticed 359359's ghost (amateur TeGl)
  1721 | D:3      | Killed 359359's ghost
  1721 | D:3      | Reached skill level 5 in Fighting
  1721 | D:3      | Reached skill level 1 in Stealth
  1721 | D:3      | Reached XP level 6. HP: 56/56 MP: 5/5
  1761 | D:3      | Reached *** piety under Trog
  1914 | D:3      | Found a radiant altar of Vehumet.
  1916 | D:3      | Found a snail-covered altar of Cheibriados.
  1928 | D:3      | Found a sparkling altar of Nemelex Xobeh.
  1979 | D:3      | Found a blossoming altar of Fedhas.
  2098 | D:3      | Found a bloodstained altar of Trog.
  2110 | D:3      | Reached skill level 7 in Long Blades
  2110 | D:3      | Reached XP level 7. HP: 61/61 MP: 0/6
  2443 | D:4      | Found a stormy altar of Qazlal.
  2642 | D:5      | Entered Level 5 of the Dungeon
  2683 | D:5      | Reached skill level 8 in Long Blades
  2987 | D:5      | Noticed Duvessa
  2987 | D:5      | Noticed Grinder
  2998 | D:5      | Killed Grinder
  2998 | D:5      | Reached XP level 8. HP: 47/70 MP: 7/7
  3107 | D:5      | Reached skill level 5 in Dodging
  3187 | D:5      | Noticed Dowan
  3199 | D:5      | Noticed Menkaure
  3199 | D:5      | Killed Duvessa
  3199 | D:5      | Reached skill level 9 in Long Blades
  3201 | D:5      | Killed Dowan
  4113 | D:5      | Killed Menkaure
  4113 | D:5      | Reached **** piety under Trog
  4113 | D:5      | Reached skill level 5 in Armour
  4392 | D:5      | Found a shimmering altar of Xom.
  4392 | D:5      | Found a deep blue altar of Sif Muna.
  4486 | D:6      | Found a radiant altar of Vehumet.
  4486 | D:6      | Noticed Edmund
  4491 | D:6      | Killed Edmund
  4518 | D:6      | Found a glowing golden altar of the Shining One.
  4654 | D:6      | Reached skill level 10 in Long Blades
  4666 | D:6      | Found a staircase to the Ecumenical Temple.
  4921 | D:6      | Reached XP level 9. HP: 58/78 MP: 8/8
  5473 | Temple   | Entered the Ecumenical Temple
  5798 | D:7      | Found an iron altar of Okawaru.
  5799 | D:7      | Noticed kaisn's ghost (novice GnWz)
  5816 | D:7      | Killed kaisn's ghost
  5816 | D:7      | Reached ***** piety under Trog
  5816 | D:7      | Reached skill level 11 in Long Blades
  6946 | D:8      | Noticed a two-headed ogre
  6952 | D:8      | Killed a two-headed ogre
  6952 | D:8      | Reached skill level 12 in Long Blades
  6952 | D:8      | Reached XP level 10. HP: 88/88 MP: 9/9
  7239 | D:8      | Noticed an ice statue
  7376 | D:8      | Noticed a five-headed hydra
  7385 | D:8      | Killed a seven-headed hydra
  7745 | D:8      | Found Liveof's Magic Scroll Boutique.
  8241 | D:9      | Noticed a two-headed ogre
  8252 | D:9      | Killed a two-headed ogre
  8252 | D:9      | Reached skill level 13 in Long Blades
  8385 | D:9      | Reached skill level 1 in Throwing
  8417 | D:9      | Found a staircase to the Orcish Mines.
  8500 | D:9      | Noticed a dagger
  8501 | D:9      | Noticed a dagger
  8627 | D:9      | Found a hide-covered altar of Uskayaw.
  8632 | D:9      | Noticed Psyche
  8641 | D:9      | Killed Psyche
  8657 | D:9      | You fall through a shaft for 2 floors!
  8680 | D:10     | Entered Level 10 of the Dungeon
  8680 | D:10     | Noticed a gargoyle
  8682 | D:10     | Reached XP level 11. HP: 86/97 MP: 10/10
  9488 | D:10     | Reached skill level 5 in Stealth
  9656 | D:11     | Received a gift from Trog
  9656 | D:11     | Reached skill level 14 in Long Blades
  9872 | D:11     | Reached skill level 1 in Shields
  9963 | D:11     | Found a staircase to the Lair.
 10314 | D:12     | Noticed a two-headed ogre
 10328 | D:12     | Killed a two-headed ogre
 10345 | D:12     | Noticed a two-headed ogre
 10385 | D:12     | Killed a two-headed ogre
 10526 | D:12     | Reached skill level 10 in Fighting
 10558 | D:12     | Received a gift from Trog
 10564 | D:12     | Reached skill level 5 in Shields
 10565 | D:12     | Noticed a deep elf mage
 10576 | D:12     | Killed a deep elf mage
 10772 | D:12     | Noticed an orc knight
 10782 | D:12     | Killed an orc knight
 10872 | D:12     | Found a roughly hewn altar of Beogh.
 11374 | D:13     | Noticed a red ugly thing
 11382 | D:13     | Killed a red ugly thing
 11382 | D:13     | Reached XP level 12. HP: 107/107 MP: 11/11
 11901 | D:13     | Noticed a vault guard
 11904 | D:13     | Noticed an ogre mage
 11913 | D:13     | Killed a vault guard
 11930 | D:13     | Killed an ogre mage
 11932 | D:13     | Reached skill level 15 in Long Blades
 12086 | D:13     | Found a gate to the Vaults.
 12275 | D:13     | Noticed a centaur warrior
 12295 | D:13     | Killed a centaur warrior
 12570 | D:14     | Noticed a death knight
 12581 | D:14     | Mangled by a phantasmal warrior

Skill      XL: |  1  2  3  4  5  6  7  8  9 10 11 12 |
---------------+-------------------------------------+-----
Long Blades    | 4 5 6 7 8 10 12 13 14 15 | 15.1
Fighting       | 4 5 6 8 9 10 11 | 11.3
Dodging        | 3 4 5 6 7 8 9 |  9.7
Armour         | 3 4 6 7 8 |  8.2
Stealth        | 1 2 3 4 5 |  5.8
Throwing       | 1 |  1.1
Shields        | 5 8 |  8.2

Action                   |  1- 3 |  4- 6 |  7- 9 | 10-12 || total
-------------------------+-------+-------+-------+-------++-------
Melee: Falchion          |    52 |    14 |       |       ||    66
       Headbutt          |     3 |    13 |    61 |   157 ||   234
       Long sword        |       |    72 |   221 |   637 ||   930
Throw: Tomahawk          |       |       |       |     7 ||     7
Invok: Berserk           |     1 |     2 |     9 |    11 ||    23
       Burn Spellbooks   |       |       |     1 |     4 ||     5
       Brothers in Arms  |       |       |       |    13 ||    13
Evoke: Sack of spiders   |       |       |       |     2 ||     2
  Use: Scroll            |       |       |    10 |    11 ||    21
       Potion            |       |       |       |     4 ||     4
 Stab: Sleeping          |     2 |     2 |     5 |     9 ||    18
  Eat: Chunk             |       |     5 |    15 |    27 ||    47
       Ration            |       |       |     3 |     3 ||     6
Armor: Animal skin       |     9 |       |       |       ||     9
       Leather armour    |     7 |     8 |    37 |    39 ||    91
       Ring mail         |       |    29 |    15 |       ||    44
       Chain mail        |       |       |       |    60 ||    60
       Troll leather arm |       |       |       |    46 ||    46
Dodge: Dodged            |    32 |    67 |   127 |   249 ||   475
Block: Large shield      |       |       |       |   280 ||   280
       Rpst.: Falchion   |     8 |     2 |       |       ||    10
       Long sword        |       |    16 |    42 |    47 ||   105
